 Dungeon Crawl Stone Soup version 0.22-a0-165-g89cf10f13c (webtiles) character file.

515 MrRokkomies the Chiller (level 7, -1/61 HPs)
             Began as an Octopode Ice Elementalist on Feb 13, 2018.
             Slain by Menkaure (9 damage)
             ... on level 4 of the Dungeon.
             The game lasted 00:14:12 (4801 turns).

MrRokkomies the Chiller (Octopode Ice Elementalist) Turns: 4801, Time: 00:14:13

Health: -1/61      AC: 23    Str:  7    XL:     7   Next: 20%
Magic:  10/10      EV:  2    Int: 19    God:
Gold:   176        SH:  3    Dex: 13    Spells: 2/10 levels left

rFire    . . .     SeeInvis .     - Unarmed
rCold    . . .     Gourm    .   l - +0 buckler
rNeg     + + +     Faith    .   (helmet currently unavailable)
rPois    +         Spirit   .   j - amulet of the acrobat
rElec    .         Reflect  .   c - ring of stealth
rCorr    .         Harm     .   g - +4 ring of evasion
MR       .....     NoTele   +   (no ring)
Stlth    +++.......             (no ring)
HPRegen  0.20/turn              (no ring)
MPRegen  0.12/turn              (no ring)
                                (no ring)
                                (no ring)

@: lethally poisoned (-1 -> -3), tree-form, hasted, very quick
A: almost no armour, stealthy swim, (amphibious), 8 rings, (constrict 8)
a: no special abilities


You were on level 4 of the Dungeon.
You were not hungry.
You were a tree.
You visited 1 branch of the dungeon, and saw 4 of its levels.
You also visited: Sewer.

You collected 176 gold pieces.

Inventory:

Hand Weapons
 v - a +0 blowgun
Missiles
 h - a throwing net (quivered)
 w - 7 poisoned needles
Armour
 l - a +0 buckler (worn)
Jewellery
 c - a ring of stealth (left branch)
 g - a +4 ring of evasion (right branch)
 j - an amulet of the acrobat (around neck)
Wands
 r - a wand of disintegration (18)
Scrolls
 i - a scroll of identify
 n - a scroll of teleportation {unknown}
 p - a scroll of enchant armour
 q - a scroll of immolation {unknown}
 u - a scroll of fear {unknown}
 x - a scroll of amnesia
Potions
 d - a potion of haste
 e - a potion of might
 f - a potion of lignification
 k - 3 potions of brilliance
 m - 2 potions of heal wounds {unknown}
 o - a potion of mutation {unknown}
 s - a potion of curing {unknown}
 t - a potion of magic {unknown}
Books
 a - a book of Frost

   Spells                             Type                      Level
   a - Freeze                         Ice                          1
   b - Throw Frost                    Conjuration/Ice              2
   c - Ozocubu's Armour               Charms/Ice                   3
   d - Throw Icicle                   Conjuration/Ice              4
   e - Summon Ice Beast               Ice/Summoning                4
Comestibles
 b - 9 rations


   Skills:
 - Level 2.0 Dodging
 - Level 2.6 Stealth
 * Level 5.0 Unarmed Combat
 - Level 2.0 Spellcasting
   Level 1.0 Conjurations
 * Level 2.6 Summonings
 - Level 5.2 Ice Magic


You had 2 spell levels left.
You knew the following spells:

 Your Spells              Type           Power        Failure   Level  Hunger
a - Freeze                Ice            ###.         3%          1    #......
b - Ozocubu's Armour      Chrm/Ice       ##......     28%         3    ###....
c - Summon Ice Beast      Ice/Summ       ###.....     50%         4    #####..


Dungeon Overview and Level Annotations

Branches:
Dungeon (4/15)
 Temple: D:4-7

Altars:
Elyvilon
Nemelex Xobeh
Trog

Annotations:
D:4 Menkaure


Innate Abilities, Weirdness & Mutations

You cannot wear most types of armour.
You are very stealthy in the water. (Stealth+)
((You are amphibious.))
You can wear up to eight rings at the same time.
((You can use your tentacles to constrict eight enemies at once.))
((Your skin changes colour to match your surroundings (Stealth+).))
((Your rubbery body absorbs attacks. (AC +1, EV +1)))


Message History

The adder bites you but does no damage. Menkaure hits you but does no damage.
Evoke which item? (* to show all) (? for menu, Esc to quit)
Aiming: Disintegrate
Press: ? - help, Shift-Dir - straight line, f - adder
Aim: an adder (moderately wounded, chance to defeat MR: 73%)
The adder is blasted.
You blow up the adder!
The centaur zombie hits you but does no damage.
Evoke which item? (* to show all) (? for menu, Esc to quit)
Aiming: Disintegrate
Press: ? - help, Shift-Dir - straight line, f - centaur zombie
Aim: a centaur zombie (severely damaged, chance to defeat MR: 76%)
The centaur zombie barely resists.
Menkaure hits you but does no damage.
The centaur zombie hits you but does no damage.
Evoke which item? (* to show all) (? for menu, Esc to quit)
Aiming: Disintegrate
Press: ? - help, Shift-Dir - straight line, f - Menkaure, p - centaur zombie
Aim: Menkaure (fast, chance to defeat MR: 65%) Menkaure is blasted.
Menkaure hits you!
You die...

....# .. ######....##
###'###..%.......#
.......<..# .....# ####
...>......##....## ...#
.<...............# ...#
.................# ...#
........ZM......## ...#
.........7......# ...#
.....##%.....!...#
...###########..........#
[..#........#...........#
...#........#....##....##
...#........#....#######
...#.[......#.....#
...#........'.....#
...#........#....<#


You could see Menkaure and a centaur zombie.

Vanquished Creatures
  2 orc priests (D:4)
  An orc wizard (D:4)
  Terence (D:2)
  4 worker ants
  10 gnolls
  8 adders
  4 oozes
  7 worms
  2 leopard geckos
  8 orcs
  2 giant cockroaches
  7 goblins
  6 hobgoblins
  10 jackals
  14 kobolds
  3 quokkas
  4 ball pythons
  9 bats
  7 frilled lizards
  12 rats
  3 plants (Sewer)
124 creatures vanquished.

Vanquished Creatures (others)
  A quokka (D:2)
1 creature vanquished.

Grand Total: 125 creatures vanquished

Notes
Turn   | Place    | Note
-------+----------+-------------------------------------------
     0 | D:1      | MrRokkomies the Octopode Ice Elementalist began the quest for the Orb.
     0 | D:1      | Reached XP level 1. HP: 11/11 MP: 3/3
   176 | D:1      | Reached skill level 1 in Unarmed Combat
   176 | D:1      | Reached XP level 2. HP: 12/17 MP: 5/5
   780 | D:1      | Reached XP level 3. HP: 8/21 MP: 6/6
  1153 | D:1      | Learned a level 3 spell: Ozocubu's Armour
  1463 | D:2      | Reached XP level 4. HP: 22/27 MP: 7/7
  1480 | D:2      | Found a white marble altar of Elyvilon.
  1663 | D:2      | Reached XP level 5. HP: 18/31 MP: 8/8
  1813 | D:2      | Noticed Terence
  1828 | D:2      | Killed Terence
  2009 | D:2      | Learned a level 4 spell: Summon Ice Beast
  2301 | D:3      | Reached skill level 5 in Ice Magic
  2316 | D:3      | Reached XP level 6. HP: 23/36 MP: 9/9
  2453 | D:3      | Found a sparkling altar of Nemelex Xobeh.
  2692 | D:3      | Noticed a moth of wrath
  2695 | D:3      | Found a bloodstained altar of Trog.
  3202 | D:4      | Noticed Menkaure
  3377 | D:4      | Reached skill level 1 in Summonings
  3781 | D:4      | Found a glowing drain.
  3800 | Sewer    | Entered a sewer
  4561 | D:4      | Reached XP level 7. HP: 31/41 MP: 10/10
  4619 | D:4      | Reached skill level 5 in Unarmed Combat
  4801 | D:4      | Slain by Menkaure

Vault maps used:
D:1:      lemuel_arrival_room, grunt_decor_mini_mirrors, item_on_display_a
D:2:      elyvilon_altar_4, minmay_pentomino_w2, uniq_terence
D:3:      tgw_trog, first_ration, nemelex_dance_club_becter
D:4:      portal_sewer_entry_a, uniq_menkaure
Sewer:    sewer_co_scattered_pipes

Skill      XL: |  1  2  3  4  5  6  7 |
---------------+----------------------+-----
Unarmed Combat | 1 2 3 4 5 |  5.0
Ice Magic      | 4 5 |  5.2
Summonings     | 2 |  2.6
Dodging        | |  2.0
Stealth        | |  2.6
Spellcasting   | |  2.0
Conjurations   | |  1.0

Action                   |  1- 3 |  4- 6 |  7- 9 || total
-------------------------+-------+-------+-------++-------
Melee: Unarmed           |    86 |   360 |    12 ||   458
       Tentacles         |    21 |    63 |       ||    84
       Constrict         |    17 |    63 |     3 ||    83
       Punch             |     1 |    12 |       ||    13
Throw: Throwing net      |       |     1 |       ||     1
 Cast: Freeze            |     2 |     2 |       ||     4
       Ozocubu's Armour  |       |     1 |       ||     1
Evoke: Wand              |       |     2 |     3 ||     5
  Use: Scroll            |     4 |     6 |       ||    10
       Potion            |       |     1 |     2 ||     3
 Stab: Sleeping          |    13 |    14 |       ||    27
       Distracted        |       |     1 |       ||     1
  Eat: Chunk             |     2 |    10 |     1 ||    13
Armor: Skin              |     8 |    11 |     5 ||    24
Dodge: Dodged            |    68 |   186 |    10 ||   264
Block: Buckler           |       |    22 |     2 ||    24

Table legend:
 A = Spawn XP
 B = Non-spawn XP
 C = Spawn XP percentage of total XP
 D = Spawn monster count
 E = Non-spawn monster count
 F = Spawn count percentage of total count
 G = Total turns spent on level
                    A         B        C        D         E        F      G
               +---------+---------+-------+---------+---------+-------+---------
         Total |       0 |     737 |   0.0 |       0 |     121 |   0.0 |  4801
               +---------+---------+-------+---------+---------+-------+---------
           D:1 |       0 |      44 |   0.0 |       0 |      27 |   0.0 |  1160
           D:2 |       0 |     198 |   0.0 |       0 |      28 |   0.0 |   893
           D:3 |       0 |     186 |   0.0 |       0 |      28 |   0.0 |  1279
           D:4 |       0 |     254 |   0.0 |       0 |      18 |   0.0 |   823
         Sewer |       0 |      55 |   0.0 |       0 |      20 |   0.0 |   646
               +---------+---------+-------+---------+---------+-------+---------
